 Dungeon Crawl Stone Soup version 0.27-a0-681-g0c81a3c1c3 (webtiles) character file.

Game seed: 312604323104657956

11657 robertstho the Frost Mage (level 11, -3/83 HPs)
             Began as a Gnoll Ice Elementalist on Mar 19, 2021.
             Was a Believer of Sif Muna.
             Shot with an arrow by a centaur warrior (14 damage)
             ... on level 13 of the Dungeon.
             The game lasted 00:26:15 (13830 turns).

robertstho the Frost Mage (Gnoll Ice Elementalist) Turns: 13830, Time: 00:26:15

Health: -3/83      AC: 10    Str:  8    XL:     11   Next: 81%
Magic:  15/23      EV: 20    Int: 17    God:    Sif Muna [**....]
Gold:   522        SH:  0    Dex: 15    Spells: 9/26 levels left

rFire    . . .     SeeInvis .   L - +10 morningstar "Eos" {elec, Halo rElec}
rCold    . . .     Faith    .   (no shield)
rNeg     . . .     Spirit   .   r - +2 robe "Zistreoz" {rElec Dex+2}
rPois    .         Reflect  .   C - +0 helmet
rElec    +         Harm     .   J - +0 cloak {rCorr}
rCorr    +         Rampage  .   n - +1 pair of gloves
Will     .....                  c - +0 pair of boots
Stlth    ++........             (no amulet)
HPRegen  0.23/turn              i - +4 ring of evasion
MPRegen  0.18/turn              a - ring of wizardry

@: on fire, frozen ramparts, glowing
A: fangs 1, strong nose, distributed training
a: Renounce Religion, Channel Magic


You were on level 13 of the Dungeon.
You worshipped Sif Muna.
Sif Muna was pleased with you.
You visited 2 branches of the dungeon, and saw 13 of its levels.

You collected 572 gold pieces.
You spent 50 gold pieces at shops.

Inventory:

Hand Weapons
 e - a +2 dagger of venom
 k - a +0 lajatang
 A - a +3 scimitar of flaming
 L - the +10 morningstar "Eos" (weapon) {elec, Halo rElec}
   (You found it on level 10 of the Dungeon)

   Occasionally, upon striking a foe, it can discharge electrical energy and
   cause terrible harm.
   It insulates you from electricity.
Missiles
 b - 40 poisoned darts
Armour
 c - a +0 pair of boots (worn)
 n - a +1 pair of gloves (worn)
 r - the +2 robe "Zistreoz" (worn) {rElec Dex+2}
   (You found it on level 6 of the Dungeon)

   It affects your dexterity (+2).
   It insulates you from electricity.
 C - a +0 helmet (worn)
 H - a +2 robe of cold resistance
 J - a +0 cloak of preservation (worn)
Jewellery
 a - a ring of wizardry (left hand)
 d - a ring of fire
 i - a +4 ring of evasion (right hand)
Wands
 j - a wand of iceblast (1)
 l - a wand of polymorph (8)
 v - a wand of flame (34)
 z - a wand of mindburst (4)
 B - a wand of digging (8)
Scrolls
 m - 2 scrolls of enchant weapon {unknown}
 o - 2 scrolls of magic mapping {unknown}
 p - 2 scrolls of summoning
 s - 2 scrolls of enchant armour {unknown}
 t - a scroll of random uselessness {unknown}
 u - a scroll of silence {unknown}
 x - a scroll of vulnerability {unknown}
 y - 2 scrolls of fear
 F - 3 scrolls of immolation {unknown}
 G - a scroll of torment {unknown}
 K - a scroll of acquirement {unknown}
Potions
 f - 3 potions of resistance
 g - a potion of invisibility
 h - 3 potions of curing
 q - 2 potions of berserk rage {unknown}
 w - 2 potions of attraction
 D - 2 potions of magic {unknown}
 E - a potion of haste {unknown}
 I - a potion of brilliance


   Skills:
 + Level 6.6 Fighting
 + Level 6.6 Short Blades
 + Level 6.6 Long Blades
 + Level 6.6 Axes
 + Level 6.6 Maces & Flails
 + Level 6.6 Polearms
 + Level 6.6 Staves
 + Level 6.6 Slings
 + Level 6.6 Bows
 + Level 6.6 Crossbows
 + Level 6.6 Throwing
 + Level 6.6 Armour
 + Level 8.1 Dodging
 + Level 7.9 Stealth
 + Level 6.6 Shields
 + Level 6.6 Unarmed Combat
 + Level 8.4 Spellcasting
 + Level 5.5 Conjurations
 + Level 5.5 Hexes
 + Level 5.5 Summonings
 + Level 5.5 Necromancy
 + Level 5.5 Translocations
 + Level 5.5 Transmutations
 + Level 5.5 Fire Magic
 + Level 9.1 Ice Magic
 + Level 5.5 Air Magic
 + Level 5.5 Earth Magic
 + Level 5.5 Poison Magic
 + Level 7.3 Invocations
 + Level 6.6 Evocations


You had 9 spell levels left.
You knew the following spells:

 Your Spells              Type           Power      Damage    Failure   Level
a - Freeze                Ice            100%       1d11      1%          1
b - Frozen Ramparts       Ice            76%        1d9       1%          3
c - Ozocubu's Armour      Ice            38%        N/A       1%          3
d - Hailstorm             Conj/Ice       32%        3d8       1%          4
e - Summon Ice Beast      Ice/Summ       32%        N/A       1%          4
f - Blink                 Tloc           N/A        N/A       1%          2

Your spell library contained the following spells:

 Spells                   Type           Power      Damage    Failure   Level
 Beastly Appendage        Tmut           50%        N/A       1%          1
 Corona                   Hex            27%        N/A       1%          1
 Magic Dart               Conj           100%       1d8       1%          1
 Call Imp                 Summ           25%        N/A       1%          2
 Slow                     Hex            25%        N/A       1%          2
 Wereblood                Tmut           25%        N/A       1%          2
 Conjure Flame            Conj/Fire      25%        6-21      1%          3
 Inner Flame              Hex/Fire       25%        N/A       1%          3
 Mephitic Cloud           Conj/Pois/Air  25%        N/A       1%          3
 Portal Projectile        Hex/Tloc       50%        N/A       1%          3
 Spider Form              Tmut/Pois      12%        N/A       1%          3
 Ice Form                 Ice/Tmut       32%        N/A       1%          4
 Cause Fear               Hex            12%        N/A       4%          4
 Leda's Liquefaction      Hex/Erth       12%        N/A       4%          4
 Blade Hands              Tmut           12%        N/A       12%         5


Dungeon Overview and Level Annotations

Branches:
Dungeon (12/15)            Temple (1/1) D:6            Lair (0/6) D:10
    Orc: D:9-12

Altars:
Ashenzari
Cheibriados
Dithmenos
Elyvilon
Fedhas
Gozag
Hepliaklqana
Kikubaaqudgha
Makhleb
Nemelex Xobeh
Okawaru
Qazlal
Ru
Sif Muna
Trog
Uskayaw
Vehumet
Wu Jian
Yredelemnul
Zin
The Shining One

Shops:
D:2 *


Innate Abilities, Weirdness & Mutations

You have very sharp teeth.
Your uncanny sense of smell can sniff out nearby items.
Your experience applies equally to all skills.


Message History

Unknown command.
Casting: Hailstorm (dangerous; 1% risk of failure)
Confirm with . or Enter, or press ? or * to list all spells.
Casting: Hailstorm (dangerous; 1% risk of failure)
Press: ? - help, Dir - look around, f - activate A cannonade of hail descends around you!
The hail pelts the fire elemental.
The fire elemental is moderately damaged.
The hail pelts the deep elf pyromancer!
You kill the deep elf pyromancer!
Sif Muna accepts your kill.
The fire elemental disappears in a puff of smoke!
The hail pelts the centaur warrior!
The centaur warrior is moderately wounded.
You are covered in liquid flames!
* * * LOW HITPOINT WARNING * * *
The centaur warrior unwields the +7 quarterstaff of Makhleb's Respect {vorpal, Will+ Str-3 Dex+7}.
The centaur warrior wields a +0 longbow.
The centaur warrior shoots an arrow.
The arrow hits you!
* * * LOW HITPOINT WARNING * * *
The centaur warrior shoots an arrow.
The arrow completely misses you.
You hear a shout!
You hear a bark!
You hear an angry growl.
Okay, then.
You feel better.
You are covered in liquid flames!
* * * LOW HITPOINT WARNING * * *
The centaur warrior shoots an arrow.
The arrow barely misses you.
Unknown command.
Casting: Hailstorm (dangerous; 1% risk of failure)
Confirm with . or Enter, or press ? or * to list all spells.
Casting: Hailstorm (dangerous; 1% risk of failure)
Press: ? - help, Dir - look around, f - activate A cannonade of hail descends around you!
The hail pelts the centaur warrior!
The centaur warrior is heavily wounded.
You are covered in liquid flames!
* * * LOW HITPOINT WARNING * * *
You feel less invigorated.
The centaur warrior shoots an arrow.
The arrow hits you!
You die...

∆.#c=..#
∆.}#H..###!#
##...#..#.#
#....#..#.#
∆#........##
#..#Z#Z#..#
#cZ.##..#
#.####)###..#
.....°○§[@..#
..###.####.##
#. .## # ∆.#
##


You could see a centaur warrior.

Vanquished Creatures
  Snorg (D:11)
  Fannar (D:10)
  A two-headed ogre (D:8)
  An unseen horror (D:13)
  A deep elf pyromancer (D:13)
  An ugly thing (D:8)
  2 manticores
  A cyclops (D:10)
  Joseph (D:7)
  A gargoyle (D:13)
  A komodo dragon (D:13)
  2 yaktaurs (D:13)
  A troll (D:10)
  A hornet (D:11)
  A shadow (D:13)
  2 ice beasts
  A sky beast (D:7)
  3 black bears
  3 orc warriors
  5 centaurs
  A phantom (D:10)
  3 kobold brigands
  5 bullfrogs
  A scorpion (D:8)
  4 killer bees
  3 wights (D:11)
  3 bullfrog zombies
  A centaur zombie (D:7)
  5 hounds
  A jelly (D:12)
  4 orc priests
  A bullfrog skeleton (D:8)
  3 centaur skeletons
  Natasha (thrice) (D:2)
  7 orc wizards
  An iguana (D:7)
  2 worker ants
  A killer bee zombie (D:9)
  A hound skeleton (D:6)
  4 gnolls (D:3)
  17 adders
  A shadow imp (D:9)
  3 white imps
  An ufetubus (D:6)
  4 adder zombies
  2 adder skeletons
  A worm (D:2)
  4 dart slugs
  2 leopard geckos
  24 orcs
  4 ball pythons
  A bat zombie (D:1)
  4 giant cockroaches
  7 hobgoblins
  11 jackals
  24 kobolds
  5 quokkas
  11 bats
  9 frilled lizards
  A giant cockroach zombie (D:1)
  12 goblins
  A jackal skeleton (D:7)
  2 leopard gecko zombies (D:8)
  2 quokka zombies
  5 rats
243 creatures vanquished.

Vanquished Creatures (collateral kills)
  A two-headed ogre (D:11)
  An unseen horror (D:13)
  A cyclops (D:13)
  An efreet (D:8)
  A tengu conjurer (D:13)
  3 yaks (D:11)
  An orc warrior (D:10)
  2 ogres
  2 bullfrogs
  3 killer bees (D:9)
  An orc priest (D:10)
  A white imp (D:7)
  5 orcs (D:10)
23 creatures vanquished.

Vanquished Creatures (others)
  An adder (D:10)
  7 plants (D:10)
8 creatures vanquished.

Grand Total: 274 creatures vanquished

Notes
Turn   | Place    | Note
-------+----------+-------------------------------------------
     0 | D:1      | robertstho the Gnoll Ice Elementalist began the quest for
                  | the Orb.
     0 | D:1      | Reached XP level 1. HP: 13/13 MP: 6/6
   313 | D:1      | Reached XP level 2. HP: 19/19 MP: 7/7
   892 | D:1      | Reached XP level 3. HP: 25/25 MP: 9/9
  1119 | D:1      | Reached skill level 5 in Spellcasting
  1520 | D:2      | Learned a level 3 spell: Frozen Ramparts
  1524 | D:2      | Learned a level 3 spell: Ozocubu's Armour
  1582 | D:2      | Reached skill level 1 in Invocations
  1680 | D:2      | Reached skill level 1 in Fighting
  1680 | D:2      | Reached skill level 1 in Short Blades
  1680 | D:2      | Reached skill level 1 in Long Blades
  1680 | D:2      | Reached skill level 1 in Axes
  1680 | D:2      | Reached skill level 1 in Maces & Flails
  1680 | D:2      | Reached skill level 1 in Polearms
  1680 | D:2      | Reached skill level 1 in Staves
  1680 | D:2      | Reached skill level 1 in Slings
  1680 | D:2      | Reached skill level 1 in Bows
  1680 | D:2      | Reached skill level 1 in Crossbows
  1680 | D:2      | Reached skill level 1 in Throwing
  1680 | D:2      | Reached skill level 1 in Armour
  1680 | D:2      | Reached skill level 1 in Shields
  1680 | D:2      | Reached skill level 1 in Unarmed Combat
  1680 | D:2      | Reached skill level 1 in Evocations
  1680 | D:2      | Noticed Natasha
  1692 | D:2      | Killed Natasha
  1693 | D:2      | Reached XP level 4. HP: 15/32 MP: 0/11
  1704 | D:2      | Noticed Natasha
  1709 | D:2      | Killed Natasha
  1710 | D:2      | Reached skill level 1 in Conjurations
  1710 | D:2      | Reached skill level 1 in Hexes
  1710 | D:2      | Reached skill level 1 in Summonings
  1710 | D:2      | Reached skill level 1 in Necromancy
  1710 | D:2      | Reached skill level 1 in Translocations
  1710 | D:2      | Reached skill level 1 in Transmutations
  1710 | D:2      | Reached skill level 1 in Fire Magic
  1710 | D:2      | Reached skill level 1 in Air Magic
  1710 | D:2      | Reached skill level 1 in Earth Magic
  1710 | D:2      | Reached skill level 1 in Poison Magic
  1976 | D:2      | Reached XP level 5. HP: 36/37 MP: 8/12
  2443 | D:2      | Noticed Natasha
  2453 | D:2      | Killed Natasha
  2796 | D:2      | Found Caos's General Store.
  2803 | D:2      | Bought a potion of heal wounds for 50 gold pieces
  3061 | D:2      | Learned a level 4 spell: Hailstorm
  3339 | D:3      | Found a broken altar of Ashenzari.
  3539 | D:3      | Found an ornate altar of the Wu Jian Council.
  3604 | D:3      | Reached XP level 6. HP: 29/44 MP: 9/13
  4252 | D:4      | Reached skill level 5 in Dodging
  4769 | D:4      | You fall into a shaft and drop 2 floors!
  4776 | D:6      | Reached XP level 7. HP: 49/50 MP: 15/15
  4831 | D:6      | Identified the +2 robe "Zistreoz" {rElec Dex+2}
  4909 | D:6      | Reached skill level 5 in Stealth
  5054 | D:6      | Learned a level 4 spell: Summon Ice Beast
  5273 | D:6      | Found a staircase to the Ecumenical Temple.
  5295 | Temple   | Entered the Ecumenical Temple
  5589 | Temple   | Became a worshipper of Sif Muna the Loreminder
  5994 | D:7      | Reached XP level 8. HP: 36/57 MP: 16/16
  6209 | D:7      | Noticed Joseph
  6223 | D:7      | Killed Joseph
  6491 | D:7      | Found a radiant altar of Vehumet.
  6491 | D:7      | Found a hazy altar of Hepliaklqana.
  6492 | D:7      | Found a sparkling altar of Nemelex Xobeh.
  6492 | D:7      | Found a sacrificial altar of Ru.
  6492 | D:7      | Found a white marble altar of Elyvilon.
  6543 | D:7      | Reached * piety under Sif Muna
  6829 | D:7      | Reached XP level 9. HP: 57/65 MP: 14/18
  7319 | D:8      | Found a white marble altar of Elyvilon.
  7838 | D:8      | Noticed a purple ugly thing
  7839 | D:8      | Noticed a two-headed ogre
  7850 | D:8      | Killed a purple ugly thing
  7851 | D:8      | Reached skill level 8 in Ice Magic
  7858 | D:8      | Killed a two-headed ogre
  7859 | D:8      | Reached skill level 5 in Invocations
  8488 | D:8      | Noticed an efreet
  8491 | D:8      | Killed an efreet
  8492 | D:8      | Reached XP level 10. HP: 73/73 MP: 12/20
  9274 | D:9      | Reached ** piety under Sif Muna
  9435 | D:9      | You fall into a shaft and drop 3 floors!
  9581 | D:12     | Reached skill level 5 in Fighting
  9581 | D:12     | Reached skill level 5 in Short Blades
  9581 | D:12     | Reached skill level 5 in Long Blades
  9581 | D:12     | Reached skill level 5 in Axes
  9581 | D:12     | Reached skill level 5 in Maces & Flails
  9581 | D:12     | Reached skill level 5 in Polearms
  9581 | D:12     | Reached skill level 5 in Staves
  9581 | D:12     | Reached skill level 5 in Slings
  9581 | D:12     | Reached skill level 5 in Bows
  9581 | D:12     | Reached skill level 5 in Crossbows
  9581 | D:12     | Reached skill level 5 in Throwing
  9581 | D:12     | Reached skill level 5 in Armour
  9581 | D:12     | Reached skill level 5 in Shields
  9581 | D:12     | Reached skill level 5 in Unarmed Combat
  9581 | D:12     | Reached skill level 5 in Evocations
 10247 | D:11     | Noticed Snorg
 10266 | D:11     | Killed Snorg
 10278 | D:11     | Noticed a manticore
 10292 | D:11     | Killed a manticore
 10683 | D:11     | Noticed a two-headed ogre
 10690 | D:11     | Killed a two-headed ogre
 11511 | D:10     | Entered Level 10 of the Dungeon
 11759 | D:10     | Reached XP level 11. HP: 70/81 MP: 9/22
 11891 | D:10     | Found a staircase to the Lair.
 13057 | D:10     | Noticed a cyclops
 13058 | D:10     | Found the +10 morningstar "Eos" {elec, Halo rElec}
 13064 | D:10     | Noticed Fannar
 13295 | D:10     | Learned a level 2 spell: Blink
 13338 | D:10     | Killed a cyclops
 13339 | D:10     | Reached skill level 5 in Conjurations
 13339 | D:10     | Reached skill level 5 in Hexes
 13339 | D:10     | Reached skill level 5 in Summonings
 13339 | D:10     | Reached skill level 5 in Necromancy
 13339 | D:10     | Reached skill level 5 in Translocations
 13339 | D:10     | Reached skill level 5 in Transmutations
 13339 | D:10     | Reached skill level 5 in Fire Magic
 13339 | D:10     | Reached skill level 5 in Air Magic
 13339 | D:10     | Reached skill level 5 in Earth Magic
 13339 | D:10     | Reached skill level 5 in Poison Magic
 13356 | D:10     | Killed Fannar
 13647 | D:10     | Found an iron altar of Okawaru.
 13779 | D:10     | You fall into a shaft and drop 3 floors!
 13780 | D:13     | Noticed a manticore
 13780 | D:13     | Noticed an unseen horror
 13781 | D:13     | Noticed an unseen horror
 13789 | D:13     | Killed an unseen horror
 13797 | D:13     | Killed a manticore
 13799 | D:13     | Killed an unseen horror
 13800 | D:13     | Reached skill level 9 in Ice Magic
 13805 | D:13     | Noticed a cyclops
 13808 | D:13     | Killed a cyclops
 13816 | D:13     | Noticed an unseen horror
 13823 | D:13     | Noticed a deep elf pyromancer
 13824 | D:13     | Identified the +7 quarterstaff of Makhleb's Respect
                  | {vorpal, Will+ Str-3 Dex+7}
 13824 | D:13     | Noticed a centaur warrior
 13828 | D:13     | Killed a deep elf pyromancer
 13830 | D:13     | Shot with an arrow by a centaur warrior

Illustrated notes

Levels and vault maps discovered:
D:1:      saegor_arrival_fortress, layout_loops_corners, st_stairs_9
D:2:      layout_loops_ring, serial_shops, shop, uniq_natasha
D:3:      minmay_bubble_buster, layout_rooms, lemuel_coloured_pillars_altar,
          nicolae_ashenzari_panopticon
D:4:      layout_rooms
D:6:      layout_basic, minmay_temple_entry_proselytizer
D:7:      layout_loops_ring, grunt_temple_overflow_open, uniq_joseph
D:8:      minmay_diamond_stairs, layout_basic, basic_altar
D:9:      minmay_opposing_rooms, layout_stronghold,
          amethyst_overflow_temple_binary, chequers_serial_rivers_large_a
D:10:     layout_layer_cave, dpeg_oklobed_lair, basic_altar, minivault_10,
          roderic_serpentine_path, minmay_sticks_and_stones, uniq_fannar
D:11:     layout_long_grid, minmay_starry_boxes, uniq_snorg
D:12:     layout_loops_ring, enter_bailey_5, hangedman_decor_clover_reticule
D:13:     layout_layer_cave, minmay_the_grid_square_5x5_3x3_mashed
          [minmay_the_grid_square_5x5_tri_point,
          minmay_the_grid_square_5x5_doubleslash,
          minmay_the_grid_square_5x5_fancy_junction,
          minmay_the_grid_square_5x5_n,
          minmay_the_grid_square_5x5_megaprize_diamond,
          minmay_the_grid_square_5x5_z, minmay_the_grid_square_5x5_minibox,
          minmay_the_grid_square_5x5_v, minmay_the_grid_square_5x5_one_wall]
Temple:   minmay_temple_curvy_branch

Skill      XL: |  1  2  3  4  5  6  7  8  9 10 11 |
---------------+----------------------------------+-----
Spellcasting   | 5 6 7 8 |  8.4
Invocations    | 1 2 3 4 5 6 7 |  7.3
Fighting       | 1 2 3 4 5 6 |  6.6
Short Blades   | 1 2 3 4 5 6 |  6.6
Long Blades    | 1 2 3 4 5 6 |  6.6
Axes           | 1 2 3 4 5 6 |  6.6
Maces & Flails | 1 2 3 4 5 6 |  6.6
Polearms       | 1 2 3 4 5 6 |  6.6
Staves         | 1 2 3 4 5 6 |  6.6
Slings         | 1 2 3 4 5 6 |  6.6
Bows           | 1 2 3 4 5 6 |  6.6
Crossbows      | 1 2 3 4 5 6 |  6.6
Throwing       | 1 2 3 4 5 6 |  6.6
Armour         | 1 2 3 4 5 6 |  6.6
Shields        | 1 2 3 4 5 6 |  6.6
Unarmed Combat | 1 2 3 4 5 6 |  6.6
Evocations     | 1 2 3 4 5 6 |  6.6
Conjurations   | 1 2 3 4 5 |  5.5
Hexes          | 1 2 3 4 5 |  5.5
Summonings     | 1 2 3 4 5 |  5.5
Necromancy     | 1 2 3 4 5 |  5.5
Translocations | 1 2 3 4 5 |  5.5
Transmutations | 1 2 3 4 5 |  5.5
Fire Magic     | 1 2 3 4 5 |  5.5
Air Magic      | 1 2 3 4 5 |  5.5
Earth Magic    | 1 2 3 4 5 |  5.5
Poison Magic   | 1 2 3 4 5 |  5.5
Dodging        | 5 6 7 8 |  8.1
Stealth        | 5 6 7 |  7.9
Ice Magic      | 8 9 |  9.1

Action                   |  1- 3 |  4- 6 |  7- 9 | 10-12 || total
-------------------------+-------+-------+-------+-------++-------
Melee: Unarmed           |    17 |       |       |       ||    17
       Dagger            |    52 |   120 |   217 |    73 ||   462
       Bite              |     4 |    11 |    30 |     7 ||    52
       Lajatang          |       |    79 |       |       ||    79
       Punch             |       |       |     3 |     1 ||     4
       Scimitar          |       |       |       |    89 ||    89
       Morningstar       |       |       |       |    11 ||    11
 Cast: Freeze            |    14 |    16 |       |     4 ||    34
       Frozen Ramparts   |     5 |    12 |     8 |    14 ||    39
       Hailstorm         |       |       |     5 |    50 ||    55
       Summon Ice Beast  |       |       |    10 |    53 ||    63
       Ozocubu's Armour  |       |       |     1 |     4 ||     5
Invok: Channel Magic     |       |       |       |    10 ||    10
Evoke: Wand              |       |       |       |    11 ||    11
  Use: Scroll            |       |     4 |       |     7 ||    11
       Potion            |       |     4 |     1 |     5 ||    10
 Stab: Sleeping          |     9 |    12 |    17 |     7 ||    45
       Distracted        |       |     1 |       |     1 ||     2
Armor: Robe              |    18 |    58 |    46 |    44 ||   166
       Skin              |       |    12 |       |       ||    12
Dodge: Dodged            |    73 |   137 |   214 |   181 ||   605
       Rpst.: Scimitar   |       |       |       |    23 ||    23

Table legend: (Time is in decaauts)
 A = Elapsed time spent in this place.
 B = Non-inter-level travel time spent in this place.
 C = Inter-level travel time spent in this place.
 D = Time resting spent in this place.
 E = Time spent auto-exploring this place.
 F = Levels seen in this place.
 G = Mean time per level.
                   A        B        C        D        E       F      G
               +--------+--------+--------+--------+--------+-----+--------+
         Total |  13802 |  13554 |    248 |   1950 |   9517 |  13 | 1061.7 |
       Dungeon |  13485 |  13281 |    204 |   1950 |   9246 |  12 | 1123.8 |
        Temple |    316 |    272 |     44 |      0 |    271 |   1 |  316.0 |
               +--------+--------+--------+--------+--------+-----+--------+

Top non-repeatable levels by time:
    D:11: 2079 daAuts
    D:10: 2078 daAuts
     D:2: 1575 daAuts
     D:1: 1514 daAuts
     D:8: 1289 daAuts
     D:3: 1156 daAuts
     D:6: 1117 daAuts
     D:7: 1093 daAuts
     D:9: 799 daAuts
     D:4: 537 daAuts
  Temple: 316 daAuts
    D:12: 194 daAuts
    D:13: 50 daAuts
